 Dungeon Crawl Stone Soup version 0.31-a0-835-g2a3a5bc3be (webtiles) character file.

Game seed: 1270863708200804550

473 Ivernyr the Changeling (level 7, 0/32 HPs)
             Began as a Vine Stalker Shapeshifter on Sept 26, 2023.
             Slain by an ogre
             ... wielding a +0 giant club
              (15 damage)
             ... on level 4 of the Dungeon.
             The game lasted 00:05:38 (2500 turns).

Ivernyr the Changeling (Vine Stalker Shapeshifter)  Turns: 2500, Time: 00:05:38

Health: 0/32       AC:  2    Str: 18    XL:     7   Next: 10%
Magic:  0/17       EV: 12    Int: 12    God:
Gold:   96         SH:  0    Dex: 17    Spells: 6/6 levels left

rFire   . .          .
                       - Unarmed
rCold   . . .        (no shield)
rNeg    . . .        a - +0 animal skin
rPois   .            (helmet currently unavailable)
rElec   .            (cloak currently unavailable)
rCorr   .            (gloves currently unavailable)
SInv    .            (boots currently unavailable)
Will    .....        (no amulet)
Stlth   ++           t - ring "Semefyh" {MP+9 Int+2 Dex+3}
HPRegen 1.05/turn    (no ring)
MPRegen 0.15/turn

%: guardian spirit
@: beast-form
A: beast (slay +4), fangs 2, regeneration 1, magic shield, antimagic bite, no
potion heal 2
a: Begin Untransformation


You were on level 4 of the Dungeon.
You were a hulking beast.
You visited 1 branch of the dungeon, and saw 4 of its levels.

You collected 96 gold pieces.

Inventory:

Missiles
 h - a throwing net
Armour
 a - a +0 animal skin (worn)
Jewellery
 t - the ring "Semefyh" (left hand) {MP+9 Int+2 Dex+3}
   (You found it on level 4 of the Dungeon)

   [ring of magical power]

   Int+2:     It affects your intelligence (+2).
   Dex+3:     It affects your dexterity (+3).
   MP+9:      It affects your magic capacity (+9).
Talismans
 c - a beast talisman (active)
 d - a flux talisman
 p - a storm talisman
Scrolls
 f - 2 scrolls of teleportation {unknown}
 i - 5 scrolls of identify {unknown}
 j - a scroll of fog {unknown}
 l - 4 scrolls of enchant armour {unknown}
 m - a scroll of enchant weapon {unknown}
Potions
 b - a potion of lignification
 e - 2 potions of attraction {unknown}
 g - 2 potions of ambrosia {unknown}
 k - 2 potions of berserk rage {unknown}
 n - a potion of invisibility {unknown}
 o - a potion of magic {unknown}
 r - a potion of heal wounds {unknown}


   Skills:
 - Level 0.8 Fighting
 - Level 1.5 Dodging
 - Level 3.0 Unarmed Combat
 + Level 7.3 Shapeshifting


You had 6 spell levels left.
You didn't know any spells.
Your spell library contained the following spells:

 Spells                   Type           Power      Damage    Failure   Level
 Slow                     Hex            0%         N/A       32%         1
 Confusing Touch          Hex            0%         N/A       69%         3
 Sigil of Binding         Hex            0%         N/A       69%         3
 Vampiric Draining        Necr           0%         2d6       69%         3


Dungeon Overview and Level Annotations

Branches:
Dungeon (4/15)
 Temple: D:4-7

Altars:
Qazlal


Innate Abilities, Weirdness & Mutations

You are a hulking beast.
Your limbs bulge with bestial killing power. (Slay +4)
You have extremely sharp teeth.
Your natural rate of healing is unusually fast.
When hurt, damage is shared between your health and your magic reserves.
Your bite disrupts and absorbs the magic of your enemies.
Potions cannot restore your health.


Message History

Found a spear.
t - the ring "Semefyh" {MP+9 Int+2 Dex+3}
Okay, then.
You feel your magic capacity increase.
You feel clever.
You feel agile.
t - the ring "Semefyh" (left hand) {MP+9 Int+2 Dex+3} You drop an amulet of faith.
You drop a ring of fire.
An adder comes into view.
The adder hisses angrily.
You miss the adder. The adder barely misses you.
You punch the adder! You punch the adder.
You kill the adder!
You see here a +1 demon whip of pain.
An orc priest comes into view. It is wielding a +0 flail.
An orc comes into view. It is wielding a +0 hand axe.
An ogre, an orc and a gnoll come into view.
Found a falchion and 5 javelins.
The ogre shouts!
The orc shouts!
The gnoll shouts!
You hear a shout!
The orc shouts!
The orc priest mumbles some strange prayers to Beogh against you.
You resist with significant effort.
You punch the orc priest! You bite the orc priest. You drain its power.
The orc priest is severely wounded.
You hit the orc priest.
You kill the orc priest!
An orc comes into view. It is wielding a +0 war axe.
The ogre hits you with a +0 giant club!!
Ouch! That really hurt!
The ogre attacks as it pursues you! The ogre closely misses you.
The orc attacks as it pursues you! The orc misses you.
The orc attacks as it pursues you! The orc misses you.
Found a stone staircase leading down.
You hit the orc. You bite the orc.
You kill the orc!
The ogre hits you with a +0 giant club!!
The gnoll attacks as it pursues you! The gnoll misses you.
The ogre attacks as it pursues you!
The ogre hits you with a +0 giant club!!
You die...

.# ... .# .#.##. ...
.# ..#.. #.# .# #.>.#
#.# .# #...# ##.# ####
#...###..# o..#
#...#....###
...######..#.##...#
......o)g..#og.Oh##
....#####.#.o##.##
.......###....#.#
.......# #.##.#)##
.......###.##.)..##
...........##..+..##
.......#####..#+#..##
.......# ##..##.##..#
######.###..##.8.##..#


You could see an ogre, a gnoll and 2 orcs.

Vanquished Creatures
  Sigmund (D:2)
  A jelly (D:3)
  A hound (D:4)
  An orc priest (D:4)
  Jessica (D:2)
  Terence (D:2)
  A gnoll (D:4)
  7 adders
  2 worms (D:3)
  3 dart slugs
  4 orcs
  8 bats
  10 endoplasms
  2 giant cockroaches
  3 goblins
  10 hobgoblins
  3 jackals (D:1)
  3 quokkas (D:1)
  8 ball pythons
  A frilled lizard (D:1)
  6 kobolds
  5 rats
82 creatures vanquished.

Notes
Turn   | Place    | Note
-------+----------+-------------------------------------------
     0 | D:1      | Ivernyr the Vine Stalker Shapeshifter began the quest for
                  | the Orb.
     0 | D:1      | Reached XP level 1. HP: 9/9 MP: 2/2
    57 | D:1      | Reached XP level 2. HP: 14/14 MP: 3/3
   245 | D:1      | Reached XP level 3. HP: 17/17 MP: 4/4
   247 | D:1      | Reached skill level 4 in Shapeshifting
   587 | D:2      | Noticed Jessica
   600 | D:2      | Killed Jessica
   601 | D:2      | Reached XP level 4. HP: 21/21 MP: 5/5
   751 | D:2      | Noticed Sigmund
   765 | D:2      | Killed Sigmund
   766 | D:2      | Reached skill level 6 in Shapeshifting
   766 | D:2      | Reached XP level 5. HP: 25/25 MP: 6/6
   766 | D:2      | Reached XP level 6. HP: 29/29 MP: 7/7
   918 | D:2      | Found a stormy altar of Qazlal.
   918 | D:2      | Noticed Terence
   927 | D:2      | Killed Terence
  2270 | D:4      | Reached skill level 7 in Shapeshifting
  2370 | D:4      | Reached XP level 7. HP: 29/32 MP: 8/8
  2386 | D:4      | Identified the ring "Semefyh" {MP+9 Int+2 Dex+3}
  2500 | D:4      | Slain by an ogre

Illustrated notes

Levels and vault maps discovered:
D:1:      nicolae_arrival_somewhat_less_tricky_arrival, layout_rooms,
          fountainhead, nicolae_twisty_statue_hallways
D:2:      layout_basic, basic_altar, uniq_jessica, uniq_sigmund, uniq_terence
D:3:      minmay_door_path, layout_rooms
D:4:      layout_rooms, serial_shops, nicolae_shop_rolled_up,
          grunt_decor_arrowhead

Skill      XL: |  1  2  3  4  5  6 |
---------------+-------------------+-----
Shapeshifting  | 4 6 7 |  7.3
Fighting       | |  0.8
Dodging        | |  1.5
Unarmed Combat | |  3.0

Action                     |  1- 3 |  4- 6 |  7- 9 || total
---------------------------+-------+-------+-------++-------
  Melee: Unarmed           |    68 |   114 |     5 ||   187
         Bite              |    18 |    32 |     2 ||    52
         Punch             |     2 |     6 |     1 ||     9
   Stab: Sleeping          |       |     2 |       ||     2
 Armour: Animal skin       |    41 |    53 |     3 ||    97
  Dodge: Dodged            |    49 |    60 |     5 ||   114
   Form: Storm             |       |     1 |       ||     1
         Beast             |       |     1 |       ||     1

Table legend: (Time is in decaauts)
 A = Elapsed time spent in this place.
 B = Non-inter-level travel time spent in this place.
 C = Inter-level travel time spent in this place.
 D = Time resting spent in this place.
 E = Time spent auto-exploring this place.
 F = Levels seen in this place.
 G = Mean time per level.
                   A        B        C        D        E       F      G
               +--------+--------+--------+--------+--------+-----+--------+
         Total |   2494 |   2413 |     81 |      0 |   1794 |   4 |  623.5 |
       Dungeon |   2494 |   2413 |     81 |      0 |   1794 |   4 |  623.5 |
               +--------+--------+--------+--------+--------+-----+--------+

Top non-repeatable levels by time:
     D:2: 941 daAuts
     D:3: 696 daAuts
     D:1: 585 daAuts
     D:4: 271 daAuts
